 Dungeon Crawl Stone Soup version 0.29.1-13-g9f3cf754e1 (webtiles) character file.

Game seed: 6118163603471361924

86 Saba the Shooter (level 4, -1/27 HPs)
             Began as a Gargoyle Hunter on Feb 8, 2023.
             Killed from afar by Natasha (9 damage)
             ... with a puff of flame
             ... on level 3 of the Dungeon.
             The game lasted 00:02:47 (2046 turns).

Saba the Shooter (Gargoyle Hunter)                  Turns: 2046, Time: 00:02:48

Health: -1/27      AC:  6    Str: 14    XL:     4   Next: 50%
Magic:  4/4        EV: 10    Int: 10    God:
Gold:   121        SH:  8    Dex: 15    Spells: 3/3 levels left

rFire   . . .      SeeInvis .   d - +0 sling
rCold   . . .      Faith    .   f - +0 kite shield
rNeg    + . .      Spirit   .   c - +0 leather armour
rPois   ∞          Reflect  .   (no helmet)
rElec   +          Harm     .   (no cloak)
rCorr   .          Rampage  .   (no gloves)
Will    .....                   (no boots)
Stlth   ++........              (no amulet)
HPRegen 0.09/turn               (no ring)
MPRegen 0.09/turn               (no ring)

@: slowed, very slow
A: sickness immunity, AC +3, negative energy resistance 1, electricity
resistance, torment resistance 1, petrification resistance
a: no special abilities


You were on level 3 of the Dungeon.
You visited 1 branch of the dungeon, and saw 3 of its levels.

You collected 121 gold pieces.

Inventory:

Hand Weapons
 a - a +0 shortbow
 d - a +0 sling (weapon)
Armour
 c - a +0 leather armour (worn)
 f - a +0 kite shield (worn)
Scrolls
 b - a scroll of immolation
 e - 2 scrolls of fear {unknown}
 g - 3 scrolls of identify {unknown}
 h - 4 scrolls of magic mapping {unknown}
 i - a scroll of teleportation {unknown}
 j - a scroll of silence {unknown}
 k - a scroll of vulnerability {unknown}
 l - a scroll of torment {unknown}
 n - a scroll of enchant armour {unknown}
 p - a scroll of blinking
 q - a scroll of brand weapon {unknown}
Potions
 o - a potion of flight


   Skills:
 - Level 2.7 Fighting
 * Level 5.3 Ranged Weapons
 - Level 1.5 Dodging
 - Level 1.1 Stealth
 + Level 1.6 Shields


You had 3 spell levels left.
You didn't know any spells.
Your spell library contained the following spells:

 Spells                   Type           Power      Damage    Failure   Level
 Portal Projectile        Hex/Tloc       0%         N/A       99%         3
 Tukima's Dance           Hex            0%         N/A       99%         3
 Blade Hands              Tmut           0%         N/A       100%        5


Dungeon Overview and Level Annotations

Branches:
Dungeon (3/15)

Altars:
Okawaru

Portals:
Abyss: D:3

Annotations:
D:3 2 transporters, Natasha; shadowmeld's ghost, amateur DjIE


Innate Abilities, Weirdness & Mutations

You are immune to sickness and miasma.
Your stone body is resilient. (AC +3)
You are immune to poison.
You resist negative energy. (rN+)
You are resistant to electric shocks. (rElec)
You are resistant to unholy torment.
You are immune to petrification.


Message History

Natasha is severely wounded.
Natasha casts a spell.
Natasha claws you but does no damage.
Fire: d) +0 sling
Press: ? - help, Q - select action Shift-Dir - straight line, f/p - Natasha
Aim: Natasha, carrying a wand of flame (4) (severely wounded, 51% to hit)
You shoot a sling bullet. The sling bullet barely misses Natasha.
Natasha mumbles some strange words.
You block Natasha's attack. The crimson imp completely misses you.
Fire: d) +0 sling
Press: ? - help, Q - select action Shift-Dir - straight line, f/p - Natasha
Aim: Natasha, carrying a wand of flame (4) (severely wounded, 51% to hit)
You shoot a sling bullet. The sling bullet hits Natasha.
Natasha is almost dead.
Natasha casts a spell at you. The magic dart hits you!
* * * LOW HITPOINT WARNING * * *
The crimson imp puffs mist at you. The crimson imp closely misses you.
Natasha zaps a wand.
The puff of flame misses you. The crimson imp misses you.
It was a potion of curing.
You feel better.
The crimson imp sputters.
Natasha stares at you and mumbles some strange words.
You resist with some effort. You block the crimson imp's attack.
Fire: d) +0 sling
Press: ? - help, Q - select action Shift-Dir - straight line, f/p - Natasha
Aim: Natasha, carrying a wand of flame (3) (almost dead, 51% to hit)
You shoot a sling bullet. The sling bullet barely misses Natasha.
Natasha casts a spell at you.
You feel as though you will be slow longer.
The crimson imp closely misses you. Natasha claws you but does no damage.
You block the crimson imp's attack.
Fire: d) +0 sling
Press: ? - help, Q - select action Shift-Dir - straight line, f/p - Natasha
Aim: Natasha, carrying a wand of flame (3) (almost dead, 51% to hit)
You shoot a sling bullet. The sling bullet barely misses Natasha.
You block Natasha's attack. The crimson imp hits you.
* * * LOW HITPOINT WARNING * * *
Natasha zaps a wand.
The puff of flame hits you!
You die...

..........####+##.....©#$?.##.# #
..........'....##......##.#.###g.
).........#######.......# ..... #
..........# ##......†###.##x##
..........# #..........#.x.##.
....†.....# #..........#©g.##.
..........######5>.......##.#.#..
..............5h5#+##...## #..##.
...#.......## #@#.#....# ###.##
...#.......# ##...#...##..#....
...#.......####........#...∩^^.
....................+..#.###... #
....................#..###.##W###
............................###..
.......###.......................
......># #.........#.............
.......###<.....####....##....#..


You could see Natasha, 2 crimson imps and a shadow imp (summoned).

Vanquished Creatures
  2 adders
  A worm (D:3)
  A dart slug (D:2)
  8 orcs
  2 ball pythons (D:1)
  2 bats
  4 endoplasms
  3 giant cockroaches
  5 goblins
  6 hobgoblins
  4 quokkas
  4 frilled lizards
  4 kobolds
  2 rats
48 creatures vanquished.

Notes
Turn   | Place    | Note
-------+----------+-------------------------------------------
     0 | D:1      | Saba the Gargoyle Hunter began the quest for the Orb.
     0 | D:1      | Reached XP level 1. HP: 12/12 MP: 1/1
    64 | D:1      | Reached XP level 2. HP: 18/18 MP: 2/2
   659 | D:2      | Reached XP level 3. HP: 20/22 MP: 3/3
   932 | D:2      | Reached skill level 1 in Shields
   975 | D:2      | Found a faded altar of an unknown god.
  1107 | D:2      | Reached skill level 5 in Ranged Weapons
  1125 | D:2      | Reached XP level 4. HP: 10/27 MP: 4/4
  1673 | D:3      | Found a transporter.
  1871 | D:3      | Found a one-way gate to the infinite horrors of the Abyss.
  1871 | D:3      | Noticed shadowmeld's ghost (amateur DjIE)
  1939 | D:3      | Found an iron altar of Okawaru.
  1968 | D:3      | Noticed a small abomination
  1979 | D:3      | Found a transporter.
  2016 | D:3      | Noticed a small abomination
  2026 | D:3      | Noticed Natasha
  2043 | D:3      | HP: 1/27 [Natasha/magic dart (8)]
  2046 | D:3      | Killed from afar by Natasha

Illustrated notes

Levels and vault maps discovered:
D:1:      minmay_arrival_stone_box, layout_rooms, minivault_26
D:2:      layout_rooms, dreamdust_ecumenical_altar_angels_and_demons
D:3:      layout_basic, general_overflow_altar, gammafunk_ghost_abyssal_escape,
          serial_bayou_ford_a, kennysheep_generic_room_14, uniq_natasha,
          uniq_sigmund

Skill      XL: |  1  2  3 |
---------------+----------+-----
Shields        | 1 |  1.6
Ranged Weapons | 5 |  5.3
Fighting       | |  2.7
Dodging        | |  1.5
Stealth        | |  1.1

Action                   |  1- 3 |  4- 6 || total
-------------------------+-------+-------++-------
 Fire: Shortbow          |    52 |       ||    52
       Sling             |    75 |    70 ||   145
  Use: Potion            |     2 |     1 ||     3
Armor: Leather armour    |    25 |     9 ||    34
Dodge: Dodged            |    45 |    21 ||    66
Block: Kite shield       |    17 |    21 ||    38
